woodfighter, neutral female human Wizard ----- |...+ |.<.| |..(.# |...|# |...|# -----# # # # -.------- ##### .......--- #-------- --+-- |.........| #........#########|....############# |.........| |......| #.*.(| # |.a.......| |......| |...| ##(@a.......| -------- ----- --- ....... ------- woodfighter the Thaumaturge Experience level: 7 Strength: 12 Dexterity: 9 Constitution: 9 Intelligence: 19 Wisdom: 17 Charisma: 10 Health: 0(51) Energy: 59(91) Def: 1 Gold: 0 Moves: 4625 Dungeon seed: uSrS5QL3X7RTuC0c Game ID: woodfighter_1454972409 Your Inventory: Weapons a - a blessed burnt +1 quarterstaff (weapon in hands) Armor e - an uncursed +0 cloak of magic resistance (being worn) Comestibles L - an uncursed fortune cookie O - 2 uncursed oranges T - an uncursed tripe ration V - 2 uncursed candy bars Rings W - an uncursed ring of free action (on left hand) Wands u - a blessed wand of enlightenment (0:14) v - a wand of polymorph (0:8) w - a wand of teleportation (0:5) x - a wand of digging (0:4) N - a wand of fire (0:5) X - a wand of cancellation (0:4) Tools c - an uncursed skeleton key J - a blessed partly used wax candle (0:307) Spells and supernatural/magical abilities: Name Level Category Fail Memory a - force bolt 1 attack 0% 77% U - detect unseen 3 divination 71% 77% W - pray for help -- divine ? -- Your skills at the end: Miscellaneous Skills wands [Basic] Weapon Skills quarterstaff [Basic] Spellcasting Skills attack spells [Basic] enchantment spells [Basic] Final Attributes: You were devoutly aligned. You were magic-protected. You were telepathic. You had free action. You are dead. Vanquished creatures: 2 leprechauns an orc-captain a giant spider an ice vortex 2 ravens a gnome mummy 3 bugbears an imp a baby crocodile 5 Mordor orcs a rock mole a rock piercer 2 shriekers 2 gnome lords a gnomish wizard a paper golem a giant ant a little dog 3 floating eyes a kobold lord 10 hill orcs 4 rothes a rabid rat 2 giant bats a monkey 2 orc zombies 4 killer bees a coyote a gas spore a hobbit an acid blob 2 large kobolds 3 geckos 2 hobgoblins 4 giant rats a cave spider a yellow mold a green mold 3 garter snakes 5 jackals a fox 3 kobolds 4 newts 2 goblins a sewer rat 4 grid bugs 7 lichens a kobold zombie 105 creatures vanquished. Voluntary challenges: You were an atheist. You used a wielded weapon 22 times, starting on turn 29. You did not apply a unicorn horn. You were illiterate. You never genocided any monsters. You never polymorphed an object. You never changed form. You used no wishes. You never split a pudding. You never wrote Elbereth's name. You violated your moral code, losing 1 point of alignment, starting on turn 4578. Dungeon overview: The Dungeons of Doom: levels 1 to 10 Level 1 (locked box) a fountain a long staircase Level 2 Level 3 (locked box) a fountain stairs to The Gnomish Mines Level 4 (vault) a fountain Level 5 some fountains Level 6 Level 7 (vault) a fountain Level 8 a sink Level 9 many fountains Level 10 <- You were here The Gnomish Mines: Level 4 stairs to The Dungeons of Doom History has recorded: On T:1 you entered the Dungeons of Doom to retrieve the Amulet of Yendor! On T:61 you reached level 2 of The Dungeons of Doom. On T:424 you advanced to experience level 2. On T:616 you reached level 3 of The Dungeons of Doom. On T:873 you advanced to experience level 3. On T:1161 you reached level 1 of The Gnomish Mines. On T:1204 you reached level 4 of The Dungeons of Doom. On T:1205 you advanced to experience level 4. On T:1413 you reached level 5 of The Dungeons of Doom. On T:2278 you advanced to experience level 5. On T:2628 you reached level 6 of The Dungeons of Doom. On T:2817 you reached level 7 of The Dungeons of Doom. On T:2993 you reached level 8 of The Dungeons of Doom. On T:3004 you advanced to experience level 6. On T:3722 you reached level 9 of The Dungeons of Doom. On T:4044 you advanced to experience level 7. On T:4234 you reached level 10 of The Dungeons of Doom. Score breakdown: Gold: 0 ( 0 points) Experience: 7 levels ( 600 points) Exploration: 10 levels ( 270 points) Discoveries: 4 items ( 200 points) Variety of kills: 48 monsters ( 2000 points) Major goal: (nothing yet) ( 0 points) Survival: died (score multiplied by 3) Total score: 9210 Latest messages: You put an uncursed scroll of confuse monster into the bag called holding. You put a velvet spellbook into the bag called holding. You put a parchment spellbook into the bag called holding. You put a stained spellbook into the bag called holding. You put a velvet spellbook into the bag called holding. You put a gray spellbook into the bag called holding. You put a blessed spellbook of force bolt into the bag called holding. You put an uncursed spellbook of detect unseen into the bag called holding. You put 2 white potions into the bag called holding. You put a swirly potion into the bag called holding. You put a smoky potion into the bag called holding. You put a cyan potion into the bag called holding. You put a wand of nothing (0:8) into the bag called holding. Your movements are now unencumbered. You have a little trouble removing d - a wand of nothing (0:8). Your movements are slowed slightly because of your load. The spell misses the killer bee. The soldier ant bites! The soldier ant stings! The killer bee stings! You die... Final status: Goodbye woodfighter the Wizard, killed by a killer bee... You died in The Dungeons of Doom on dungeon level 10 with 9210 points, and 0 pieces of gold, after 4625 moves. You were level 7 with a maximum of 51 hit points when you died.